 Dungeon Crawl Stone Soup version 0.31-a0-609-g7bf6ffcfed (webtiles) character file.

Game seed: 16899431567284132178

14317 lessens the Severer (level 11, -16/84 HPs)
             Began as a Demonspawn Fighter on Aug 22, 2023.
             Was a High Priest of Okawaru.
             Killed from afar by a gargoyle (29 damage)
             ... with a stone arrow
             ... on level 12 of the Dungeon.
             The game lasted 00:19:17 (10633 turns).

lessens the Severer (Demonspawn Fighter)           Turns: 10633, Time: 00:19:17

Health: -16/84     AC: 18    Str: 21    XL:     11   Next: 87%
Magic:  14/16      EV: 14    Int: 11    God:    Okawaru [*****.]
Gold:   468        SH:  6    Dex: 19    Spells: 10/10 levels left

rFire   . . .        a - +0 war axe (vamp)
rCold   . . .        c - +0 buckler
rNeg    . . .        U - +0 acid dragon scales
rPois   .            F - +1 helmet of Theory {rElec Int+2}
rElec   +            d - +2 cloak
rCorr   +            K - +0 pair of gloves
SInv    .            (no boots)
Will    .....        e - amulet of regeneration
Stlth   +++          k - ring of resist corrosion
HPRegen 1.14/turn    q - +6 ring of dexterity
MPRegen 0.15/turn

%: no passive effects
@: heroic
A: claws 2, thin metallic scales 2, (demonic guardian 2)
a: Renounce Religion, Heroism, Finesse, Duel


You were on level 12 of the Dungeon.
You worshipped Okawaru.
Okawaru was extremely pleased with you.
You visited 2 branches of the dungeon, and saw 12 of its levels.
You also visited: Ossuary.

You collected 468 gold pieces.

Inventory:

Hand Weapons
 a - a +0 vampiric war axe (weapon)
 b - a +0 broad axe
 p - a +2 whip of electrocution
 J - a +0 war axe
 Q - a +4 heavy executioner's axe
Missiles
 h - 94 stones
 m - 20 boomerangs
 r - 4 poisoned darts (quivered)
Armour
 c - a +0 buckler (worn)
 d - a +2 cloak (worn)
 F - the +1 helmet of Theory (worn) {rElec Int+2}
   (You found it on level 6 of the Dungeon)

   Int+2:     It affects your intelligence (+2).
   rElec:     It insulates you from electricity.
 K - a +0 pair of gloves (worn)
 U - +0 acid dragon scales (worn)
Jewellery
 e - an amulet of regeneration (around neck)
 k - a ring of resist corrosion (left hand)
 q - a +6 ring of dexterity (right hand)
 s - an amulet of reflection
 M - a ring of ice
 P - a +6 ring of intelligence
Wands
 i - a wand of digging (1)
 l - a wand of flame (40)
Scrolls
 g - a scroll of immolation {unknown}
 j - 2 scrolls of fear {unknown}
 n - a scroll of vulnerability {unknown}
 t - a scroll of revelation {unknown}
 x - a scroll of brand weapon {unknown}
 y - 3 scrolls of teleportation
 z - a scroll of fog {unknown}
 G - 2 scrolls of blinking {unknown}
 H - a scroll of amnesia {unknown}
 L - a scroll of torment {unknown}
 N - a scroll of enchant weapon {unknown}
Potions
 f - 2 potions of curing
 o - a potion of lignification
 u - 3 potions of resistance
 v - a potion of haste {unknown}
 w - a potion of magic {unknown}
 A - 2 potions of might
 B - a potion of brilliance {unknown}
 C - a potion of heal wounds
 D - a potion of degeneration {unknown}
 E - 2 potions of mutation {unknown}
 I - 3 potions of invisibility
 O - a potion of berserk rage {unknown}
 S - a potion of enlightenment {unknown}
 T - 2 potions of cancellation {unknown}


   Skills:
 - Level 7.4(12.4) Fighting
 * Level 15.4(20.4) Axes
 + Level 4.0(9.0) Armour
 - Level 2.6(7.6) Shields
 - Level 7.5 Invocations


You had 10 spell levels left.
You didn't know any spells.
Your spell library contained the following spells:

 Spells                   Type           Power      Damage    Failure   Level
 Apportation              Tloc           0%         N/A       45%         1
 Magic Dart               Conj           0%         1d3       45%         1
 Sublimation of Blood     Necr           0%         N/A       61%         2
 Wereblood                Tmut           0%         N/A       61%         2
 Mephitic Cloud           Conj/Pois/Air  0%         N/A       83%         3
 Olgreb's Toxic Radiance  Pois           0%         N/A       99%         4
 Alistair's Intoxication  Tmut/Pois      0%         N/A       100%        5
 Discord                  Hex            0%         N/A       100%        8
 Ignition                 Fire           0%         3d3       100%        8
 Call Imp                 Summ           Unusable   N/A       N/A         2
 Summon Hydra             Summ           Unusable   N/A       N/A         7

Dungeon Overview and Level Annotations

Branches:
Dungeon (12/15) Zot: 26318  Temple (1/1) D:4 Zot: 5672    Lair (0/5) D:10
    Orc (0/2) D:10        Ossuary (visited)

Altars:
Cheibriados
Dithmenos
Fedhas
Hepliaklqana
Kikubaaqudgha
Makhleb
Nemelex Xobeh
Okawaru
Qazlal
Ru
Sif Muna
Trog
Uskayaw
Vehumet
Yredelemnul

Shops:
D:11 *


Innate Abilities, Weirdness & Mutations

You have very sharp fingernails.
You are mostly covered in thin metallic scales. (AC +3)
((A demonic guardian rushes to your aid.))


Message History

You slash the gargoyle!
The gargoyle is heavily damaged.
The gargoyle hits you with a +0 mace!
You barely miss the gargoyle.
The gargoyle is heavily damaged.
The gargoyle barely misses you.
You hit the gargoyle.
The gargoyle is heavily damaged.
You slash the gargoyle!
The gargoyle is severely damaged.
The gargoyle hits you with a +0 mace!
You hit the gargoyle but do no damage.
The gargoyle is severely damaged.
The gargoyle hits you with a +0 mace!
You hit the gargoyle but do no damage.
The gargoyle is severely damaged.
The gargoyle hits you with a +0 mace!
You hit the gargoyle but do no damage.
The gargoyle is severely damaged.
The gargoyle hits you with a +0 mace!
* * * LOW HITPOINT WARNING * * *
You hit the gargoyle but do no damage.
The gargoyle is severely damaged.
You hit the gargoyle but do no damage.
The gargoyle is severely damaged.
The gargoyle hurls a stone arrow at you.
The stone arrow hits you!
* * * LOW HITPOINT WARNING * * *
You feel much better.
The gargoyle hurls a stone arrow at you.
The stone arrow hits you!
* * * LOW HITPOINT WARNING * * *
You gain the combat prowess of a mighty hero.
The gargoyle hurls a stone arrow at you.
You block the stone arrow.
You hit the gargoyle but do no damage.
The gargoyle is severely damaged.
The gargoyle hurls a stone arrow at you.
The stone arrow hits you!!
You die...

#.##.### #.##.#
#.##.# #.##.#
#.##.# #.##..
###.####
##.###......#
#.....@...#.#
#.#.##9#..#.### .
#.##.#......# ..##
#.#....#......#
...#.....>.......#
..##.##
####.#.#.###
.......#####.#....
#.....J.#
###.#....#


You could see a gargoyle.

Vanquished Creatures
  2 boulder beetles (D:11)
  A two-headed ogre (D:9)
  Pikel (D:6)
  A deep elf pyromancer (D:12)
  A manticore (D:11)
  An elephant (D:10)
  An unseen horror (D:12)
  A kobold demonologist (D:10)
  Jeremiah (D:6)
  A komodo dragon (D:12)
  2 trolls (D:11)
  Prince Ribbit (D:7)
  7 slime creatures (D:12)
  3 shadows
  2 wraiths (D:11)
  A basilisk (D:10)
  20 yaks
  2 steam dragons
  Eustachio (D:4)
  2 wargs (D:10)
  2 acid dragons (D:11)
  3 water moccasins
  A sky beast (D:7)
  2 ice beasts (D:5)
  3 orc warriors
  4 black bears
  2 ogres (D:5)
  5 centaurs
  A kobold brigand (D:10)
  3 lemures (D:6)
  2 elf zombies (Ossuary)
  Blork the orc (D:5)
  4 wights (D:6)
  10 killer bees (D:10)
  A centaur zombie (Ossuary)
  3 hounds
  2 human zombies (Ossuary)
  2 orc priests (D:10)
  A gnoll bouda (D:4)
  Crazy Yiuf (D:2)
  2 iguanas
  13 orc wizards
  2 hound zombies (Ossuary)
  4 mummies
  7 gnolls
  5 adders
  4 adder zombies (Ossuary)
  A worm (D:2)
  25 orcs
  8 ball pythons
  6 endoplasms
  3 giant cockroaches
  3 gnoll zombies (Ossuary)
  7 goblins
  11 hobgoblins
  5 jackals
  5 quokkas
  3 bats
  3 frilled lizards (D:1)
  4 goblin zombies
  7 hobgoblin zombies (Ossuary)
  2 jackal zombies (Ossuary)
  10 kobolds
  3 kobold zombies (Ossuary)
  5 quokka zombies (Ossuary)
  3 rats
  3 rat zombies (Ossuary)
259 creatures vanquished.

Vanquished Creatures (others)
  An orc wizard (D:9)
1 creature vanquished.

Grand Total: 260 creatures vanquished

Notes
Turn   | Place    | Note
-------+----------+-------------------------------------------
     0 | D:1      | lessens the Demonspawn Fighter began the quest for the Orb.
     0 | D:1      | Reached XP level 1. HP: 18/18 MP: 1/1
   105 | D:1      | Reached skill level 2 in Axes
   279 | D:1      | Gained mutation: You are partially covered in thin metallic
                  | scales. (AC +2) [demonic ancestry]
   279 | D:1      | Reached XP level 2. HP: 24/24 MP: 2/2
   815 | D:1      | Reached skill level 3 in Axes
  1018 | D:2      | Found a faded altar of an unknown god.
  1119 | D:2      | Reached XP level 3. HP: 29/29 MP: 3/3
  1817 | D:2      | Found a runed translucent door.
  1818 | D:2      | Noticed Crazy Yiuf
  2025 | D:3      | Found a radiant altar of Vehumet.
  2168 | D:3      | Found a shimmering blue altar of Sif Muna.
  2182 | D:3      | Reached skill level 4 in Axes
  2182 | D:3      | Gained mutation: You have sharp fingernails. [demonic
                  | ancestry]
  2182 | D:3      | Reached XP level 4. HP: 35/35 MP: 4/4
  2540 | D:3      | Found a blossoming altar of Fedhas.
  2997 | D:4      | Gained mutation: You are mostly covered in thin metallic
                  | scales. (AC +3) [demonic ancestry]
  2997 | D:4      | Reached XP level 5. HP: 41/41 MP: 5/5
  3073 | D:4      | Noticed Eustachio
  3149 | D:3      | Reached skill level 5 in Axes
  3228 | D:4      | Noticed a black bear
  3297 | D:4      | Found a staircase to the Ecumenical Temple.
  3429 | Temple   | Entered the Ecumenical Temple
  3440 | Temple   | Became a worshipper of Warmaster Okawaru
  3761 | D:4      | Killed a black bear
  3762 | D:4      | Reached skill level 6 in Axes
  3762 | D:4      | Gained mutation: You have very sharp fingernails. [demonic
                  | ancestry]
  3762 | D:4      | Reached XP level 6. HP: 47/47 MP: 6/6
  3885 | D:4      | Killed Eustachio
  3885 | D:4      | Reached * piety under Okawaru
  4309 | D:2      | Killed Crazy Yiuf
  4364 | D:5      | Entered Level 5 of the Dungeon
  4364 | D:5      | Noticed an ice beast
  4390 | D:5      | Killed an ice beast
  4391 | D:5      | Reached skill level 7 in Axes
  4391 | D:5      | Reached XP level 7. HP: 27/52 MP: 7/7
  4393 | D:5      | Reached ** piety under Okawaru
  4512 | D:5      | Reached skill level 8 in Axes
  4538 | D:5      | Found a sand-covered staircase.
  4542 | D:5      | Noticed Blork the orc
  4561 | D:5      | Killed Blork the orc
  4570 | Ossuary  | Entered an ossuary
  4703 | Ossuary  | Gained mutation: A weak demonic guardian rushes to your
                  | aid. [demonic ancestry]
  4703 | Ossuary  | Reached XP level 8. HP: 58/58 MP: 8/8
  4793 | Ossuary  | Reached skill level 9 in Axes
  5019 | D:5      | Reached *** piety under Okawaru
  5026 | D:5      | Reached skill level 10 in Axes
  5177 | D:5      | Reached skill level 1 in Invocations
  5555 | D:6      | Identified the +1 helmet of Theory {rElec Int+2}
  6109 | D:6      | Noticed Jeremiah
  6334 | D:6      | Noticed Pikel
  6355 | D:6      | Killed Pikel
  6356 | D:6      | Reached skill level 11 in Axes
  6356 | D:6      | Reached XP level 9. HP: 49/63 MP: 10/12
  6448 | D:6      | Killed Jeremiah
  6449 | D:6      | Reached skill level 5 in Invocations
  6588 | D:7      | Noticed Prince Ribbit
  6621 | D:7      | Killed Prince Ribbit
  6621 | D:7      | Reached **** piety under Okawaru
  6677 | D:7      | You fall into a shaft and drop 2 floors!
  6760 | D:9      | Reached skill level 12 in Axes
  6772 | D:9      | Received a gift from Okawaru
  6792 | D:9      | Reached XP level 10. HP: 68/70 MP: 15/15
  7060 | D:9      | Noticed a two-headed ogre
  7067 | D:9      | Killed a two-headed ogre
  7215 | D:9      | Found a stormy altar of Qazlal.
  7704 | D:10     | Entered Level 10 of the Dungeon
  7729 | D:10     | Reached ***** piety under Okawaru
  7733 | D:10     | Noticed an elephant
  7754 | D:10     | Killed an elephant
  7755 | D:10     | Reached skill level 13 in Axes
  7820 | D:10     | Reached skill level 5 in Fighting
  7896 | D:10     | Received a gift from Okawaru
  7985 | D:10     | Found a staircase to the Lair.
  8090 | D:10     | Gained mutation: A demonic guardian rushes to your aid.
                  | [demonic ancestry]
  8090 | D:10     | Reached XP level 11. HP: 81/81 MP: 16/16
  8120 | D:10     | Reached skill level 14 in Axes
  8232 | D:10     | Identified the +2 short sword of Honour {freeze, rElec
                  | rN+++ MP-9 Dex+4}
  8419 | D:10     | Found a staircase to the Orcish Mines.
  9052 | D:11     | Noticed a boulder beetle
  9068 | D:11     | Killed a boulder beetle
  9461 | D:11     | Found Utzuugewn's General Store.
  9461 | D:11     | Noticed a boulder beetle
  9481 | D:11     | Killed a boulder beetle
  9768 | D:11     | Found a shimmering blue altar of Sif Muna.
  9839 | D:11     | Reached skill level 15 in Axes
 10321 | D:12     | Noticed a deep elf pyromancer
 10369 | D:12     | Killed a deep elf pyromancer
 10538 | D:12     | Identified the +0 chain mail of the Unseen Realm {Harm
                  | Str+2 Int+3} (Okawaru gifted it to you on level 12 of the
                  | Dungeon)
 10538 | D:12     | Received a gift from Okawaru
 10633 | D:12     | Killed from afar by a gargoyle

Illustrated notes

Levels and vault maps discovered:
D:1:      dpeg_arrival_oval, layout_basic
D:2:      layout_basic, dreamdust_ecumenical_altar_statues,
          uniq_crazy_yiuf_cottage
D:3:      layout_basic, mainiacjoe_overflow_boulevard, lemuel_tele_altar,
          mainiacjoe_overflow_surrounded_room
D:4:      layout_loops_cross, minmay_temple_entry_ruins, uniq_eustachio
D:5:      layout_loops_ring, nicolae_ossuary_entry_giza, uniq_blork_the_orc
D:6:      layout_loops_corners, uniq_pikel, uniq_jeremiah, uniq_edmund
D:7:      layout_basic, serial_glass, glass_columns_c, glass_columns_a,
          uniq_prince_ribbit1
D:9:      layout_basic, grunt_qazlal_clouds
D:10:     layout_small_grid, david_lair_generic, erik_orc_4
D:11:     layout_loops_corners, serial_shops, nicolae_shop_rolling_square,
          kennysheep_flooded_box, kennysheep_orc_sif_temple
D:12:     minmay_tri_box, layout_basic, uniq_nessos
Temple:   nicolae_temple_great_sept

Skill      XL: |  1  2  3  4  5  6  7  8  9 10 11 |
---------------+----------------------------------+-----
Axes           | 2 3 4 6 7 8 11 12 13 15 | 15.4
Invocations    | 4 7 |  7.5
Fighting       | 5 7 |  7.4
Armour         | 4 |  4.0
Shields        | |  2.6

Action                     |  1- 3 |  4- 6 |  7- 9 | 10-12 || total
---------------------------+-------+-------+-------+-------++-------
  Melee: War axe           |   117 |       |   176 |   533 ||   826
         Whip              |     9 |   119 |    39 |       ||   167
         Broad axe         |       |       |   219 |       ||   219
  Throw: Dart              |       |       |       |     7 ||     7
 Invoke: Heroism           |       |       |     4 |     5 ||     9
    Use: Scroll            |       |     3 |       |     3 ||     6
         Potion            |       |     1 |       |     1 ||     2
 Armour: Scale mail        |    77 |    63 |   175 |   151 ||   466
         Acid dragon scale |       |       |       |    89 ||    89
  Dodge: Dodged            |    62 |    53 |   134 |   140 ||   389
  Block: Buckler           |    33 |    43 |   100 |    99 ||   275

Table legend: (Time is in decaauts)
 A = Elapsed time spent in this place.
 B = Non-inter-level travel time spent in this place.
 C = Inter-level travel time spent in this place.
 D = Time resting spent in this place.
 E = Time spent auto-exploring this place.
 F = Levels seen in this place.
 G = Mean time per level.
                   A        B        C        D        E       F      G
               +--------+--------+--------+--------+--------+-----+--------+
         Total |  10602 |   9997 |    605 |    745 |   6603 |  13 |  815.5 |
       Dungeon |   9932 |   9327 |    605 |    445 |   6531 |  11 |  902.9 |
        Temple |    327 |    327 |      0 |    300 |      0 |   1 |  327.0 |
       Ossuary |    341 |    341 |      0 |      0 |     72 |   1 |  341.0 |
               +--------+--------+--------+--------+--------+-----+--------+

Top non-repeatable levels by time:
    D:11: 1213 daAuts
     D:3: 1146 daAuts
     D:2: 1077 daAuts
     D:1: 1039 daAuts
     D:9: 1017 daAuts
    D:10: 1006 daAuts
     D:5: 889 daAuts
     D:6: 888 daAuts
     D:4: 822 daAuts
    D:12: 627 daAuts
 Ossuary: 341 daAuts
  Temple: 327 daAuts
     D:7: 205 daAuts

Levels and vault maps discovered:
D:1:      dpeg_arrival_oval, layout_basic
D:2:      layout_basic, dreamdust_ecumenical_altar_statues,
          uniq_crazy_yiuf_cottage
D:3:      layout_basic, mainiacjoe_overflow_boulevard, lemuel_tele_altar,
          mainiacjoe_overflow_surrounded_room
D:4:      layout_loops_cross, minmay_temple_entry_ruins, uniq_eustachio
D:5:      layout_loops_ring, nicolae_ossuary_entry_giza, uniq_blork_the_orc
D:6:      layout_loops_corners, uniq_pikel, uniq_jeremiah, uniq_edmund
D:7:      layout_basic, serial_glass, glass_columns_c, glass_columns_a,
          uniq_prince_ribbit1
D:9:      layout_basic, grunt_qazlal_clouds
D:10:     layout_small_grid, david_lair_generic, erik_orc_4
D:11:     layout_loops_corners, serial_shops, nicolae_shop_rolling_square,
          kennysheep_flooded_box, kennysheep_orc_sif_temple
D:12:     minmay_tri_box, layout_basic, uniq_nessos
Temple:   nicolae_temple_great_sept
